 Dungeon Crawl Stone Soup version 0.28-a0-1447-ga5a8893891 (webtiles) character file.

Game seed: 3781181781816363115

329 Hasart the Insei (level 6, -2/41 HPs)
             Began as an Octopode Transmuter on Jan 10, 2022.
             Slain by a centaur zombie (3 damage)
             ... in an ossuary.
             The game lasted 00:07:12 (4293 turns).

Hasart the Insei (Octopode Transmuter)              Turns: 4293, Time: 00:07:13

Health: -2/41      AC:  1    Str: 11    XL:     6   Next: 51%
Magic:  9/10       EV: 13    Int: 16    God:
Gold:   130        SH:  0    Dex: 12    Spells: 4/11 levels left

rFire   . . .      SeeInvis .     - Unarmed
rCold   + . .      Faith    .   (no shield)
rNeg    . . .      Spirit   .   (helmet restricted)
rPois   .          Reflect  .   (no amulet)
rElec   .          Harm     .   g - ring of protection from cold
rCorr   .          Rampage  .   (no ring)
Will    .....                   (no ring)
Stlth   ++........              (no ring)
HPRegen 0.13/turn               (no ring)
MPRegen 0.12/turn               (no ring)
                                (no ring)
                                (no ring)

@: no status effects
A: almost no armour, amphibious, 8 rings, camouflage 1, gelatinous body 1,
(nimble swimmer 1), tentacles
a: no special abilities


You were in an ossuary.
You visited 1 branch of the dungeon, and saw 4 of its levels.
You also visited: Ossuary.

You collected 130 gold pieces.

Inventory:

Jewellery
 g - a ring of protection from cold (left tentacle)
 h - a ring of see invisible
Scrolls
 a - 2 scrolls of enchant armour {unknown}
 b - 2 scrolls of noise {unknown}
 c - 4 scrolls of identify {unknown}
 i - a scroll of amnesia {unknown}
 j - a scroll of magic mapping {unknown}
 k - a scroll of holy word {unknown}
Potions
 d - a potion of might
 f - 2 potions of curing {unknown}
 l - a potion of flight {unknown}


   Skills:
 + Level 2.5 Fighting
 + Level 3.1 Dodging
 * Level 4.9 Unarmed Combat
 + Level 3.0 Spellcasting
 + Level 3.1 Transmutations


You had 4 spell levels left.
You knew the following spells:

 Your Spells              Type           Power      Damage    Failure   Level
a - Beastly Appendage     Tmut           24%        N/A       5%          1
b - Wereblood             Tmut           12%        N/A       8%          2
c - Ice Form              Ice/Tmut       7%         N/A       69%         4

Your spell library contained the following spells:

 Spells                   Type           Power      Damage    Failure   Level
 Spider Form              Tmut/Pois      7%         N/A       30%         3


Dungeon Overview and Level Annotations

Branches:
Dungeon (4/15)            Ossuary (1/1)
 Temple: D:4-7

Altars:


Innate Abilities, Weirdness & Mutations

You cannot wear most types of armour.
You are amphibious.
You can wear up to eight rings at the same time.
Your skin changes colour to match your surroundings (Stealth+).
Your rubbery body absorbs attacks. (AC +1, EV +1)
((You are camouflaged when in or above water. (Stealth+)))
You have tentacles for arms and can constrict up to eight enemies at once.


Message History

The kobold zombie hits you but does no damage.
The centaur zombie misses you. The centaur zombie closely misses you.
You bludgeon the adder zombie!
You feel a bit better.
You destroy the adder zombie!
Your primal bloodlust is almost over.
A goblin zombie comes into view.
The centaur zombie closely misses you. x2
Unknown command.
You closely miss the kobold zombie. Your grab misses the kobold zombie.
The kobold zombie is severely damaged.
The kobold zombie hits you but does no damage.
The centaur zombie barely misses you. The centaur zombie kicks you.
* * * LOW HITPOINT WARNING * * *
You bludgeon the kobold zombie!
You feel a bit better.
You destroy the kobold zombie!
The centaur zombie hits you.
* * * LOW HITPOINT WARNING * * *
The centaur zombie barely misses you.
An orc zombie comes into view.
Unknown command.
You barely miss the centaur zombie. You squeeze the centaur zombie!
The centaur zombie is moderately damaged.
The jackal zombie barely misses you. The centaur zombie hits you.
* * * LOW HITPOINT WARNING * * *
The centaur zombie misses you. The jackal zombie closely misses you.
You bludgeon the centaur zombie!
The centaur zombie is severely damaged.
You howl as the wereblood boils in your veins!
The centaur zombie closely misses you. x2
A goblin zombie comes into view.
The jackal zombie bites you.
* * * LOW HITPOINT WARNING * * *
It was a potion of cancellation.
Your magical effects are unravelling.
You feel magically purged.
You feel a little less mighty now.
The sentinel's mark upon you fades away.
Your primal bloodlust has ended.
The centaur zombie hits you.
You die...

######################
#....................#
#...........Z........#
#........8..8Z.......#
#..........MZZ@......#
#...######ZZ######...#
#...# #..# #...# #...#
#..# #...#
#...#.####ZZ####Z#...#
#...#.........Z.M#...#
#...#.......####Z#...#
#...#.......# #...#
#...#.......# #...#


You could see a mummy, a jackal zombie, 2 goblin zombies, 2 orc zombies and a
centaur zombie.

Vanquished Creatures
  A scorpion (D:4)
  An elf zombie (Ossuary)
  A centaur zombie (Ossuary)
  A hound (D:4)
  5 adders
  An adder zombie (Ossuary)
  A dart slug (D:4)
  An orc (D:4)
  5 ball pythons
  8 endoplasms
  4 giant cockroaches
  8 goblins
  8 hobgoblins
  10 jackals
  7 kobolds
  3 quokkas
  3 bats
  3 frilled lizards
  4 hobgoblin zombies (Ossuary)
  8 kobold zombies (Ossuary)
  9 orc zombies (Ossuary)
  9 rats
  A rat zombie (Ossuary)
102 creatures vanquished.

Notes
Turn   | Place    | Note
-------+----------+-------------------------------------------
     0 | D:1      | Hasart the Octopode Transmuter began the quest for the Orb.
     0 | D:1      | Reached XP level 1. HP: 13/13 MP: 3/3
   186 | D:1      | Reached XP level 2. HP: 11/18 MP: 5/5
  1093 | D:2      | Reached XP level 3. HP: 10/23 MP: 6/6
  1108 | D:1      | Learned a level 2 spell: Wereblood
  1815 | D:2      | Reached XP level 4. HP: 26/29 MP: 7/7
  1824 | D:2      | Learned a level 4 spell: Ice Form
  2529 | D:3      | Found a faded altar of an unknown god.
  2796 | D:3      | Reached skill level 4 in Unarmed Combat
  3226 | D:3      | Reached XP level 5. HP: 29/34 MP: 8/8
  3840 | D:4      | Found a sand-covered staircase.
  3852 | D:4      | Reached XP level 6. HP: 17/40 MP: 7/10
  3854 | Ossuary  | Entered an ossuary
  4291 | Ossuary  | HP: 2/41 [centaur zombie (4)]
  4293 | Ossuary  | Slain by a centaur zombie

Illustrated notes

Levels and vault maps discovered:
D:1:      dpeg_arrival_rooms_c, layout_basic, skrybe_limestone_x
D:2:      minmay_skewed_foursquare, layout_rooms, dk_noncrumbling_4,
          minmay_misc_feat_secret_circle
D:3:      layout_basic, hellmonk_ecumenical_altar_run_dry
D:4:      minmay_evil_eye, layout_rooms, nicolae_ossuary_entry_ruins
Ossuary:  ossuary_tomb_1

Skill      XL: |  1  2  3  4  5  6 |
---------------+-------------------+-----
Unarmed Combat | 4 |  4.9
Fighting       | 2 |  2.5
Transmutations | 3 |  3.1
Dodging        | 3 |  3.1
Spellcasting   | 3 |  3.0

Action                   |  1- 3 |  4- 6 || total
-------------------------+-------+-------++-------
Melee: Unarmed           |    89 |   149 ||   238
       Tentacles         |    17 |    29 ||    46
       Constrict         |    19 |    41 ||    60
       Punch             |     1 |     9 ||    10
       Kick              |       |    10 ||    10
 Cast: Beastly Appendage |       |     4 ||     4
       Wereblood         |       |     6 ||     6
  Use: Potion            |       |     2 ||     2
 Stab: Sleeping          |     4 |     3 ||     7
Armor: Skin              |     5 |    13 ||    18
Dodge: Dodged            |    46 |   111 ||   157

Table legend: (Time is in decaauts)
 A = Elapsed time spent in this place.
 B = Non-inter-level travel time spent in this place.
 C = Inter-level travel time spent in this place.
 D = Time resting spent in this place.
 E = Time spent auto-exploring this place.
 F = Levels seen in this place.
 G = Mean time per level.
                   A        B        C        D        E       F      G
               +--------+--------+--------+--------+--------+-----+--------+
         Total |   4275 |   4194 |     81 |    479 |   3093 |   5 |  855.0 |
       Dungeon |   3841 |   3760 |     81 |    210 |   3033 |   4 |  960.2 |
       Ossuary |    434 |    434 |      0 |    269 |     60 |   1 |  434.0 |
               +--------+--------+--------+--------+--------+-----+--------+

Top non-repeatable levels by time:
     D:1: 1292 daAuts
     D:2: 1144 daAuts
     D:3: 1101 daAuts
 Ossuary: 434 daAuts
     D:4: 303 daAuts
